 Dungeon Crawl Stone Soup version 0.19-a0-1007-g133f65f (webtiles) character file.

2979 Implojin the Grappler (level 9, 0/80 HPs)
             Began as a Troll Fighter on July 20, 2016.
             Was a Believer of Dithmenos.
             Slain by a cyan ugly thing (13 damage)
             ... on level 12 of the Dungeon.
             The game lasted 00:12:13 (1747 turns).

Implojin the Grappler (Troll Fighter)               Turns: 1747, Time: 00:12:13

Health: 0/80       AC:  5    Str: 26    XL:     9   Next: 53%
Magic:  8/8        EV:  8    Int:  4    God:    Dithmenos [**....]
Gold:   66         SH:  9    Dex: 12    Spells: 1 memorised, 7 levels left

rFire  . . .     SeeInvis .       - Unarmed
rCold  . . .     Gourm    +     a - +0 robe
rNeg   . . .     Faith    .     b - +0 shield
rPois  .         Spirit   .     (helmet restricted)
rElec  .         Dismiss  .     (no cloak)
rCorr  .         Reflect  .     (gloves unavailable)
SustAt .         Harm     .     (boots unavailable)
MR     .....                    (no amulet)
Stlth  +.........               (no ring)
                                f - ring of flight

@: wreathed by umbra, not resistant to hostile enchantments, very unstealthy
A: unfitting armour, claws 3, fast metabolism 3, gourmand, regeneration 2,
shaggy fur 1, tough skin 2
a: Shadow Step, Renounce Religion, Evoke Flight


You were on level 12 of the Dungeon.
You worshipped Dithmenos.
Dithmenos was pleased with you.
You were very full.

You visited 1 branch of the dungeon, and saw 12 of its levels.
You also visited: Ossuary.

You collected 66 gold pieces.

Inventory:

Hand Weapons
 r - a +0 flail
 A - a cursed +2 morningstar
Missiles
 c - 4 curare-tipped needles
 i - 6 tomahawks (quivered)
Armour
 a - a +0 robe (worn)
 b - a +0 shield (worn)
 t - a +0 robe of positive energy
Magical Staves
 g - an uncursed staff of air {unknown}
Jewellery
 f - a ring of flight (left claw)
Scrolls
 k - a scroll of brand weapon {unknown}
 l - a scroll of immolation {unknown}
 n - a scroll of magic mapping {unknown}
 x - a scroll of vulnerability {unknown}
Potions
 e - 3 potions of flight
 h - 2 potions of lignification {unknown}
 m - 3 potions of curing
 p - a potion of resistance {unknown}
 q - 3 potions of brilliance {unknown}
 s - a potion of invisibility {unknown}
 v - a potion of cancellation {unknown}
 z - a potion of beneficial mutation {unknown}
Books
 u - a book of Changes

   Spells                             Type                      Level
   a - Beastly Appendage              Transmutation                1
   b - Sticks to Snakes               Transmutation                2
   c - Spider Form                    Transmutation/Poison         3
   d - Ice Form                       Ice/Transmutation            4
   e - Blade Hands                    Transmutation                5
Comestibles
 d - 2 bread rations
 o - 2 meat rations
 w - a beef jerky


   Skills:
 * Level 2.4 Fighting
 - Level 2.4 Dodging
 - Level 2.4 Shields
 - Level 13.0 Unarmed Combat


You had 7 spell levels left.
You knew the following spells:

 Your Spells              Type           Power        Failure   Level  Hunger
a - Beastly Appendage     Tmut           #.....       99%         1    ##.....


Dungeon Overview and Level Annotations

Branches:
Dungeon (12/15)              Lair (0/6) D:9
 Temple: D:4-7          Orc: D:9-12

Altars:
Dithmenos
Fedhas
Kikubaaqudgha

Annotations:
D:11 exclusion: door


Innate Abilities, Weirdness & Mutations

You are too large for most types of armour.
You have claws for hands.
Your metabolism is lightning-fast.
You like to eat raw meat.
You heal very quickly.
You are covered in fur. (AC +1)
You have very tough skin. (AC +2)


Message History

Found a scroll labeled TEC QA FOFAMP and 13 stones.
Found a stone staircase leading down.
There is a stone staircase leading up here.
Unknown command.
Okay, then.
Throwing (i - inventory):
i - 8 tomahawks (quivered)
Press: ? - help, Shift-Dir - straight line, f - cyan ugly thing
Aim: a cyan ugly thing You throw a tomahawk.
The tomahawk hits the cyan ugly thing but does no damage.
Throwing (i - inventory):
i - 7 tomahawks (quivered)
Press: ? - help, Shift-Dir - straight line, f/p - cyan ugly thing
Aim: a cyan ugly thing (umbra)
You throw a tomahawk.
The tomahawk hits the cyan ugly thing but does no damage.
The cyan ugly thing bites you! The cyan ugly thing shocks you!
You completely miss the cyan ugly thing.
The cyan ugly thing bites you!
* * * LOW HITPOINT WARNING * * *
The cyan ugly thing shocks you!
* * * LOW HITPOINT WARNING * * *
Unknown command.
You claw the cyan ugly thing!
The cyan ugly thing is moderately wounded.
You claw the cyan ugly thing!
The cyan ugly thing is moderately wounded.
You block the cyan ugly thing's attack.
You claw the cyan ugly thing!
The cyan ugly thing is heavily wounded.
The cyan ugly thing bites you.
* * * LOW HITPOINT WARNING * * *
The cyan ugly thing shocks you!
* * * LOW HITPOINT WARNING * * *
Unknown command.
Your shield prevents you from hitting the cyan ugly thing.
The cyan ugly thing is heavily wounded.
The cyan ugly thing bites you.
* * * LOW HITPOINT WARNING * * *
The cyan ugly thing shocks you!
You die...

# .#
########.####
###...........#
.............#
#.(.........#
#...........#
#..<........#
#....@u((?>.#
##.##########
#. ##


You could see a cyan ugly thing.

Vanquished Creatures
  A hill giant (D:10)
  2 two-headed ogres
  A shadow (D:11)
  2 orc warriors
  A black bear (D:6)
  A phantom (D:7)
  5 centaurs
  2 giant frogs
  4 water moccasin zombies (Ossuary)
  2 scorpions
  3 killer bees (D:7)
  2 wights (D:10)
  2 crimson imps
  A hound (D:10)
  2 orc wizards (D:10)
  2 worker ants
  3 big kobold zombies (Ossuary)
  3 mummies
  A hound skeleton (D:10)
  4 gnolls (D:9)
  6 adders
  A shadow imp (D:10)
  4 adder zombies (Ossuary)
  2 giant geckos
  12 orcs
  2 giant cockroaches
  4 gnoll zombies (Ossuary)
  4 goblins (D:1)
  2 hobgoblins (D:1)
  9 jackals
  4 kobolds
  A quokka (D:6)
  A giant newt (D:6)
  8 hobgoblin zombies (Ossuary)
  5 kobold zombies (Ossuary)
  4 orc zombies (Ossuary)
  3 rats
116 creatures vanquished.

Notes
Turn   | Place    | Note
-------+----------+-------------------------------------------
     0 | D:1      | Implojin the Troll Fighter began the quest for the Orb.
     0 | D:1      | Reached XP level 1. HP: 22/22 MP: 0/0
    28 | D:1      | Reached XP level 2. HP: 21/29 MP: 1/1
   141 | D:1      | Reached skill level 3 in Unarmed Combat
   360 | D:3      | Reached XP level 3. HP: 30/36 MP: 2/2
   375 | D:3      | Reached skill level 4 in Unarmed Combat
   397 | D:4      | Noticed a centaur
   401 | D:4      | Found a blossoming altar of Fedhas.
   406 | D:4      | Noticed a scorpion
   422 | D:4      | Killed a scorpion
   422 | D:4      | Reached XP level 4. HP: 32/44 MP: 3/3
   444 | D:4      | Found a shadowy altar of Dithmenos.
   460 | D:4      | Reached skill level 5 in Unarmed Combat
   465 | D:4      | Became a worshipper of Dithmenos the Shadowed
   569 | D:4      | Killed a centaur
   569 | D:4      | Reached XP level 5. HP: 36/50 MP: 4/4
   612 | D:4      | Found a sand-covered staircase.
   626 | D:4      | Reached skill level 6 in Unarmed Combat
   637 | Ossuary  | Entered an ossuary
   687 | Ossuary  | Reached XP level 6. HP: 45/59 MP: 5/5
   708 | Ossuary  | Reached skill level 7 in Unarmed Combat
   776 | Ossuary  | Reached * piety under Dithmenos
   791 | Ossuary  | Reached XP level 7. HP: 34/66 MP: 6/6
   885 | D:5      | Entered Level 5 of the Dungeon
   894 | D:6      | Reached skill level 8 in Unarmed Combat
   932 | D:7      | Reached skill level 9 in Unarmed Combat
   968 | D:7      | Reached XP level 8. HP: 36/74 MP: 7/7
  1073 | D:8      | Found an ancient bone altar of Kikubaaqudgha.
  1092 | D:8      | Noticed a two-headed ogre
  1101 | D:8      | Killed a two-headed ogre
  1101 | D:8      | Reached skill level 10 in Unarmed Combat
  1129 | D:8      | Learned a level 1 spell: Beastly Appendage
  1245 | D:10     | Entered Level 10 of the Dungeon
  1255 | D:10     | Reached skill level 11 in Unarmed Combat
  1326 | D:11     | Noticed a tengu warrior
  1353 | D:10     | Noticed a hill giant
  1356 | D:10     | Noticed a two-headed ogre
  1377 | D:10     | Killed a hill giant
  1377 | D:10     | Reached XP level 9. HP: 59/80 MP: 8/8
  1381 | D:10     | Reached skill level 12 in Unarmed Combat
  1402 | D:10     | Reached ** piety under Dithmenos
  1622 | D:9      | Found a staircase to the Lair.
  1708 | D:11     | Noticed a troll
  1711 | D:11     | Noticed an eight-headed hydra
  1711 | D:11     | Noticed a troll
  1719 | D:11     | Reached skill level 13 in Unarmed Combat
  1738 | D:12     | Noticed a cyan ugly thing
  1747 | D:12     | Slain by a cyan ugly thing

Vault maps used:
D:1:      dpeg_arrival_houses_and_road, minmay_misc_feat_room
D:2:      ecumenical_altar_2, xom_teletrap_fun
D:3:      minmay_roachtagon, nicolae_overflow_hidden_temple, vehumet_crystals,
          minmay_surrounded, uniq_grinder
D:4:      fedhas_bush_and_centaur_altar, gammafunk_temple_overflow_wave,
          gup_ossuary_entry_pyramid, serial_shops, shop,
          nicolae_dithmenos_the_darkroom, uniq_natasha
D:5:      nicolae_qazlal_eye_of_the_storm, first_bread
D:6:      zin_scriptorium, slow_altar_2
D:7:      nicolae_ru_sacrificial_ziggurat, grunt_ogre_cave
D:8:      lemuel_coloured_pillars_altar
D:9:      nemelex_xobeh_ov_fountains_minmay, dpeg_oklobed_lair, tso_metal_star
D:10:     minivault_26
D:11:     hiddenorc2_lemuel, minmay_pinched_square, uniq_fannar
D:12:     serial_shops, kennysheep_mini_moat
Ossuary:  ossuary_tomb_2

Skill      XL: |  1  2  3  4  5  6  7  8  9 |
---------------+----------------------------+-----
Unarmed Combat | 3 4 5 6 7 9 11 13 | 13.0
Fighting       | |  2.4
Dodging        | |  2.4
Shields        | |  2.4

Action                   |  1- 3 |  4- 6 |  7- 9 || total
-------------------------+-------+-------+-------++-------
Melee: Unarmed           |    84 |   117 |   186 ||   387
Throw: Tomahawk          |       |       |     2 ||     2
  Use: Potion            |       |       |     5 ||     5
       Scroll            |       |       |     8 ||     8
  Eat: Chunk             |     9 |     1 |    10 ||    20
Armor: Robe              |    24 |    22 |    40 ||    86
Dodge: Dodged            |    28 |    21 |    71 ||   120
Block: Shield            |    38 |    33 |    79 ||   150

Table legend:
 A = Turns spent in this place as a percentage of turns spent in the entire game.
 B = Non-inter-level travel turns spent in this place as a percentage of non-inter-level travel turns spent in the entire game.
 C = Inter-level travel turns spent in this place as a percentage of turns spent in this place.
 D = Turns resting spent in this place as a percentage of non-inter-level travel turns spent in this place.
 E = Turns spent auto-exploring this place as a percentage of non-inter-level travel turns spent in this place.
 F = Non-inter-level travel turns spent in this place divided by the number of levels of this place that you've seen.
                   A       B       C       D       E      F
               +-------+-------+-------+-------+-------+----------------------
         Total | 100.0 | 100.0 |   0.0 |   0.0 |   0.0 | 138.6
       Dungeon |  86.3 |  86.3 |   0.0 |   0.0 |   0.0 | 129.6
       Ossuary |  13.7 |  13.7 |   0.0 |   0.0 |   0.0 | 247.0
               +-------+-------+-------+-------+-------+----------------------

Table legend:
 A = Kills in this place as a percentage of kills in entire the game.
 B = Kills by you in this place as a percentage of kills by you in the entire game.
 C = Kills by friends in this place as a percentage of kills by friends in the entire game.
 D = Other kills in this place as a percentage of other kills in the entire game.
 E = Experience gained in this place as a percentage of experience gained in the entire game.
 F = Experience gained in this place divided by the number of levels of this place that you have seen.
                   A       B       C       D       E      F
               +-------+-------+-------+-------+-------+----------------------
         Total | 100.0 | 100.0 |  -nan |  -nan | 100.0 | 327.5
       Dungeon |  70.7 |  70.7 |  -nan |  -nan |  88.7 | 314.6
       Ossuary |  29.3 |  29.3 |  -nan |  -nan |  11.3 | 482.0
               +-------+-------+-------+-------+-------+----------------------
